 Dungeon Crawl Stone Soup version 0.31-a0-210-gccc998df9b (webtiles) character file.

Game seed: 17845999815334807412

1372 rabbitsville the Conjurer (level 8, -7/57 HPs)
             Began as a Hill Orc Conjurer on June 30, 2023.
             Was a Follower of Vehumet.
             Mangled by Maggie
             ... wielding a +0 heavy halberd
              (26 damage)
             ... on level 6 of the Dungeon.
             The game lasted 00:14:34 (6481 turns).

rabbitsville the Conjurer (Hill Orc Conjurer)       Turns: 6481, Time: 00:14:35

Health: -7/57      AC:  6    Str: 10    XL:     8   Next: 65%
Magic:  2/15       EV: 11    Int: 20    God:    Vehumet [*.....]
Gold:   325        SH:  0    Dex:  9    Spells: 14/17 levels left

rFire   + . .        z - staff of poison
rCold   + . .        (no shield)
rNeg    . . .        B - +2 leather armour {rF+}
rPois   +            i - +0 helmet
rElec   .            (no cloak)
rCorr   .            (no gloves)
SInv    +            (no boots)
Will    .....        (no amulet)
Stlth   +            h - ring of protection from cold
HPRegen 0.29/turn    m - ring of see invisible
MPRegen 0.14/turn

%: no passive effects
@: mesmerised
A: no striking features
a: Renounce Religion


You were on level 6 of the Dungeon.
You worshipped Vehumet.
Vehumet was aware of your devotion.
You visited 2 branches of the dungeon, and saw 7 of its levels.

You collected 325 gold pieces.

Inventory:

Hand Weapons
 d - a +0 dagger
 t - a +1 dagger of electrocution
Missiles
 f - 3 throwing nets
Armour
 a - a +0 robe
 i - a +0 helmet (worn)
 B - a +2 leather armour of fire resistance (worn)
Magical Staves
 z - a staff of poison (weapon)
Jewellery
 h - a ring of protection from cold (left hand)
 j - a ring of fire
 m - a ring of see invisible (right hand)
Wands
 A - a wand of flame (14)
Scrolls
 c - 2 scrolls of identify {unknown}
 g - a scroll of amnesia {unknown}
 o - a scroll of enchant armour {unknown}
 q - a scroll of silence {unknown}
 s - 2 scrolls of vulnerability {unknown}
 u - 3 scrolls of poison {unknown}
 v - 2 scrolls of torment {unknown}
 w - 2 scrolls of teleportation {unknown}
 y - a scroll of fog {unknown}
Potions
 b - a potion of magic
 e - a potion of curing
 k - 2 potions of invisibility
 l - a potion of lignification
 n - 2 potions of haste {unknown}
 p - 2 potions of ambrosia {unknown}
 r - a potion of might {unknown}
 x - a potion of heal wounds {unknown}


   Skills:
 - Level 2.2 Dodging
 - Level 1.5 Stealth
 * Level 5.2 Spellcasting
 * Level 7.6 Conjurations
 + Level 3.9 Fire Magic
 - Level 1.2 Poison Magic


You had 14 spell levels left.
You knew the following spells:

 Your Spells              Type           Power      Damage    Failure   Level
a - Magic Dart            Conj           100%       1d8       1%          1
b - Searing Ray           Conj           70%        2d7       1%          2

Your spell library contained the following spells:

 Spells                   Type           Power      Damage    Failure   Level
 Freeze                   Ice            20%        1d4       16%         1
 Static Discharge         Conj/Air       40%        2-4/arc   4%          2
 Dazzling Flash           Conj/Hex       40%        N/A       10%         3
 Sticky Flame             Conj/Fire      28%        2d5       14%         4
 Volatile Blastmotes      Fire/Tloc      26%        2d12      21%         3
 Ignite Poison            Fire/Tmut/Pois 18%        N/A       22%         3
 Lesser Beckoning         Tloc           10%        N/A       24%         2
 Fulminant Prism          Conj/Hex       10%        3d8       32%         4
 Iskenderun's Mystic Bla  Conj/Tloc      20%        2d6       32%         4
 Gell's Gravitas          Tloc           5%         N/A       43%         3
 Teleport Other           Tloc           5%         N/A       43%         3
 Airstrike                Air            2%         2d(1-17)  83%         4
 Summon Lightning Spire   Summ/Air       5%         N/A       83%         4
 Starburst                Conj/Fire      14%        6d6       91%         6
 Ignition                 Fire           10%        3d5       100%        8


Dungeon Overview and Level Annotations

Branches:
Dungeon (6/15)             Temple (1/1) D:4

Altars:
Cheibriados
Gozag
Makhleb
Sif Muna
Trog
Vehumet
Xom
The Shining One

Shops:
D:6 *

Annotations:
D:6 Maggie


Message History

Aiming: Magic Dart (safe; 1% risk of failure)
Press: ? - help, Q - select action, (/) - cycle Shift-Dir - straight line, f/p - Maggie
Aim: Maggie, wielding a +0 heavy halberd, wearing +0 swamp dragon scales and carrying a wand of iceblast (4) (lightly wounded, 100% to hit)
The magic dart hits Maggie but does no damage.
Maggie is lightly wounded.
Aiming: Searing Ray (safe; 1% risk of failure)
Press: ? - help, Q - select action, (/) - cycle Shift-Dir - straight line, f/p - Maggie
Aim: Maggie, wielding a +0 heavy halberd, wearing +0 swamp dragon scales and carrying a wand of iceblast (4) (lightly wounded, 83% to hit)
The searing ray hits Maggie.
Maggie is moderately wounded. (Press . to maintain the ray.)
The searing ray hits Maggie.
Maggie is moderately wounded.
The searing ray hits Maggie but does no damage.
Maggie is moderately wounded.
Maggie casts a spell.
Maggie attempts to bespell you!
You are mesmerised by Maggie!
The searing ray hits Maggie.
Maggie is moderately wounded.
You finish channelling your searing ray.
Maggie hits you from afar with a +0 heavy halberd!
Aiming: Searing Ray (safe; 1% risk of failure)
Press: ? - help, Q - select action, (/) - cycle Shift-Dir - straight line, f/p - Maggie
Aim: Maggie, wielding a +0 heavy halberd, wearing +0 swamp dragon scales and carrying a wand of iceblast (4) (moderately wounded, mesmerising, 83% to hit)
The searing ray hits Maggie!
Maggie is heavily wounded. (Press . to maintain the ray.) Maggie zaps a wand.
The mass of ice explodes!
The iceblast engulfs you. You partially resist.
The searing ray hits Maggie.
Maggie is heavily wounded.
Maggie hits you from afar with a +0 heavy halberd!
The searing ray hits Maggie!
Maggie is severely wounded.
The searing ray hits Maggie!
Maggie is almost dead.
You finish channelling your searing ray.
Maggie hits you from afar with a +0 heavy halberd!!
You die...

#...........# #.....#
#...........# #.....#
#...........# ##...####
#...........#####....#..#
....#######.............#
....#.....#......#......#
....#.....#......#......#
....#.....#......#......#
....##....#.....@########
.....#....####'##.......
.....#....#.....#@......
.....#....'.....#.......
.....#....#.....#.......
†....###..###...#.......
##.....#..###...#.......
.#.....#........#.......
.#.....'........#


You could see Maggie (mesmerising).

Vanquished Creatures
  Eustachio (D:6)
  Menkaure (D:6)
  A water moccasin (D:5)
  A black bear (D:6)
  An ice beast (D:5)
  5 scorpions
  A howler monkey (D:5)
  An orc priest (D:6)
  2 jellies
  A sleepcap (D:6)
  Jessica (D:2)
  3 orc wizards
  2 iguanas
  4 gnolls (D:4)
  8 adders
  A white imp (D:4)
  4 dart slugs
  14 orcs
  6 bats
  2 endoplasms
  5 giant cockroaches
  4 goblins
  4 hobgoblins
  9 jackals (D:1)
  2 quokkas (D:4)
  2 ball pythons
  4 frilled lizards
  7 kobolds
  2 rats (D:1)
99 creatures vanquished.

Notes
Turn   | Place    | Note
-------+----------+-------------------------------------------
     0 | D:1      | rabbitsville the Hill Orc Conjurer began the quest for the
                  | Orb.
     0 | D:1      | Reached XP level 1. HP: 14/14 MP: 3/3
   139 | D:1      | Reached XP level 2. HP: 20/20 MP: 0/4
   714 | D:1      | Reached XP level 3. HP: 21/26 MP: 0/6
  1455 | D:2      | Learned a level 2 spell: Searing Ray
  1696 | D:2      | Noticed Jessica
  1698 | D:2      | Killed Jessica
  1699 | D:2      | Reached XP level 4. HP: 33/33 MP: 4/7
  3019 | D:3      | Reached XP level 5. HP: 28/38 MP: 5/9
  3056 | D:4      | Reached skill level 5 in Conjurations
  3174 | D:4      | Found a staircase to the Ecumenical Temple.
  3185 | Temple   | Entered the Ecumenical Temple
  3199 | Temple   | Became a worshipper of Vehumet
  3679 | D:4      | Reached skill level 1 in Poison Magic
  3820 | D:4      | Reached XP level 6. HP: 34/45 MP: 2/10
  4237 | D:5      | Entered Level 5 of the Dungeon
  4259 | D:5      | Noticed a water moccasin
  4265 | D:5      | Reached * piety under Vehumet
  4265 | D:5      | Offered knowledge of Freeze by Vehumet.
  4390 | D:5      | Reached skill level 1 in Fire Magic
  4424 | D:5      | Killed a water moccasin
  4425 | D:5      | Reached skill level 6 in Conjurations
  4425 | D:5      | Reached XP level 7. HP: 45/50 MP: 1/12
  4730 | D:5      | Found a burning altar of Makhleb.
  4736 | D:5      | Found an opulent altar of Gozag.
  4739 | D:5      | Found a bloodstained altar of Trog.
  4739 | D:5      | Found a shimmering altar of Xom.
  4746 | D:5      | Found a snail-covered altar of Cheibriados.
  5380 | D:6      | Reached XP level 8. HP: 53/57 MP: 5/14
  5468 | D:6      | Noticed Menkaure
  5478 | D:6      | Killed Menkaure
  5479 | D:6      | Reached skill level 7 in Conjurations
  5608 | D:6      | Noticed Maggie
  5870 | D:6      | Found Costran's Mayhem Merchandise.
  5988 | D:6      | Noticed Eustachio
  6157 | D:6      | Killed Eustachio
  6158 | D:6      | Reached skill level 5 in Spellcasting
  6481 | D:6      | Mangled by Maggie

Illustrated notes

Levels and vault maps discovered:
D:1:      lemuel_arrival_lava_pool, layout_basic
D:2:      layout_loops_corners, hangedman_glass_teeth, uniq_jessica
D:3:      layout_rooms
D:4:      layout_loops_ring, minmay_temple_entry_hall
D:5:      layout_cave_pools, nicolae_overflow_hallway_of_the_gods, fountainhead
D:6:      layout_gridville, minmay_shop_mayhem, uniq_eustachio, uniq_menkaure,
          uniq_maggie
Temple:   regret_index_temple_waves

Skill      XL: |  1  2  3  4  5  6  7  8 |
---------------+-------------------------+-----
Spellcasting   | 2 3 4 5 |  5.2
Dodging        | 2 |  2.2
Conjurations   | 5 6 7 |  7.6
Poison Magic   | 1 |  1.2
Fire Magic     | 1 2 3 |  3.9
Stealth        | |  1.5

Action                     |  1- 3 |  4- 6 |  7- 9 || total
---------------------------+-------+-------+-------++-------
  Melee: Unarmed           |     8 |       |       ||     8
         Dagger            |    50 |    14 |       ||    64
         Punch             |       |     1 |       ||     1
         Staff             |       |       |     1 ||     1
   Cast: Magic Dart        |    66 |   103 |    17 ||   186
         Searing Ray       |       |     5 |    34 ||    39
    Use: Potion            |       |     3 |       ||     3
   Stab: Invisible         |       |     3 |       ||     3
 Armour: Robe              |    15 |     3 |     4 ||    22
         Skin              |       |     7 |       ||     7
         Leather armour    |       |       |     1 ||     1
  Dodge: Dodged            |    52 |    23 |    16 ||    91

Table legend: (Time is in decaauts)
 A = Elapsed time spent in this place.
 B = Non-inter-level travel time spent in this place.
 C = Inter-level travel time spent in this place.
 D = Time resting spent in this place.
 E = Time spent auto-exploring this place.
 F = Levels seen in this place.
 G = Mean time per level.
                   A        B        C        D        E       F      G
               +--------+--------+--------+--------+--------+-----+--------+
         Total |   6484 |   6392 |     92 |    406 |   5079 |   7 |  926.3 |
       Dungeon |   6456 |   6364 |     92 |    406 |   5070 |   6 | 1076.0 |
        Temple |     27 |     27 |      0 |      0 |      9 |   1 |   27.0 |
               +--------+--------+--------+--------+--------+-----+--------+

Top non-repeatable levels by time:
     D:1: 1450 daAuts
     D:4: 1264 daAuts
     D:6: 1238 daAuts
     D:5: 950 daAuts
     D:2: 919 daAuts
     D:3: 634 daAuts
  Temple: 27 daAuts
